 Dungeon Crawl Stone Soup version 0.23-a0-448-g1c01f63 (console) character file.

48640 utis the Jinx (level 14, 79/79 HPs)
             Began as a Spriggan Enchanter on Nov 20, 2018.
             Was a High Priest of Dithmenos.
             Quit the game on level 5 of the Lair of Beasts.
             The game lasted 01:43:02 (28946 turns).

utis the Jinx (Spriggan Enchanter)                 Turns: 28946, Time: 01:43:03

Health: 79/79      AC:  3    Str:  4    XL:     14   Next: 13%
Magic:  29/29      EV: 27    Int: 21    God:    Dithmenos [*****.]
Gold:   1489       SH:  0    Dex: 17    Spells: 7/33 levels left

rFire    . . .     SeeInvis +   a - +2 dagger (elec)
rCold    . . .     Gourm    .   (shield restricted)
rNeg     . . .     Faith    .   b - +1 robe
rPois    .         Spirit   .   (helmet restricted)
rElec    .         Reflect  .   q - scarf {cloud immunity}
rCorr    .         Harm     .   (gloves unavailable)
MR       +++..                  (boots unavailable)
Stlth    +++++++++.             O - amulet of the acrobat
HPRegen  0.23/turn              m - ring of protection from magic
MPRegen  0.21/turn              Q - ring of stealth

@: wreathed by umbra, very quick
A: very small, unfitting armour, see invisible, herbivore, speed 3, slow
metabolism 2
a: Shadow Step, Shadow Form, Renounce Religion


You were on level 5 of the Lair of Beasts.
You worshipped Dithmenos.
Dithmenos was extremely pleased with you.
You were very full.

You visited 3 branches of the dungeon, and saw 19 of its levels.
You also visited: Ice Cave.

You collected 1489 gold pieces.

Inventory:

Hand Weapons
 a - a +2 dagger of electrocution (weapon)
Missiles
 w - 5 curare-tipped needles {=f}
 K - 58 poisoned needles
 V - 6 needles of sleeping
Armour
 b - a +1 robe (worn)
 q - a scarf of cloud immunity (worn)
 P - a +0 buckler
Jewellery
 f - an uncursed ring of protection from fire
 g - an uncursed amulet of regeneration {@e1}
 m - a ring of protection from magic (left hand)
 C - an uncursed ring of ice
 H - an uncursed amulet of faith (quivered) {=f}
 L - an uncursed ring of flight
 N - an uncursed ring of positive energy
 O - an amulet of the acrobat (around neck)
 Q - a ring of stealth (right hand)
 Z - a cursed ring of wizardry
Wands
 c - a wand of enslavement (10)
 j - a wand of polymorph (22)
 r - a wand of clouds (4)
 u - a wand of digging (4)
 A - a wand of paralysis (27)
 G - a wand of disintegration (13) {@e1}
 I - a wand of flame (26)
 M - a wand of acid (30)
Scrolls
 e - 8 scrolls of teleportation {@r4}
 i - 2 scrolls of fog
 t - 2 scrolls of magic mapping
 v - a scroll of amnesia
 y - 7 scrolls of remove curse {@r2}
 D - a scroll of identify {@r1}
 E - a scroll of brand weapon {unknown}
 S - a scroll of enchant armour
Potions
 k - 2 potions of haste {@q3}
 l - 5 potions of brilliance
 n - 10 potions of curing {@q1}
 o - 3 potions of might
 p - 2 potions of cancellation
 s - 2 potions of ambrosia
 x - a potion of berserk rage {!q}
 z - 6 potions of heal wounds {@q2}
 B - 2 potions of agility
 J - a potion of magic
 W - 2 potions of invisibility
 X - 5 potions of flight
Miscellaneous
 F - a box of beasts
Comestibles
 d - 20 rations {@e1}


   Skills:
 + Level 11.9 Fighting
 - Level 10.0 Short Blades
 - Level 11.0 Dodging
 - Level 10.0 Stealth
 - Level 10.0 Spellcasting
 - Level 14.0 Hexes
 - Level 1.0 Ice Magic
 - Level 2.5 Air Magic
 - Level 4.0 Invocations
 - Level 6.1 Evocations


You had 7 spell levels left.
You knew the following spells:

 Your Spells              Type           Power        Failure   Level  Hunger
a - Apportation           Tloc           ##....       6%          1    None
b - Ensorcelled Hibernat  Hex/Ice        #####.       1%          2    None
d - Tukima's Dance        Hex            ######..     1%          3    None
o - Confuse               Hex            ######..     1%          3    None
p - Mephitic Cloud        Conj/Pois/Air  ##......     14%         3    None
v - Blink                 Tloc           N/A          10%         2    None
x - Cause Fear            Hex            ######....   1%          4    ##.....
z - Corona                Hex            ######.      1%          1    None
B - Summon Butterflies    Summ           ##......     6%          1    None
I - Invisibility          Hex            ######..     3%          6    ######.

Your spell library contained the following spells:

 Spells                   Type           Power        Failure   Level  Hunger
 Slow                     Hex            ######..     1%          2    None
 Dazzling Spray           Conj/Hex       #####.       1%          3    None
 Summon Guardian Golem    Hex/Summ       #####...     1%          3    None
 Flame Tongue             Conj/Fire      ##...        6%          1    None
 Magic Dart               Conj           ##..         6%          1    None
 Summon Small Mammal      Summ           ##..         6%          1    None
 Silence                  Hex/Air        #####.....   6%          5    ####...
 Call Imp                 Summ           ##......     10%         2    None
 Yara's Violent Unravell  Hex/Tmut       #####.....   10%         5    ####...
 Call Canine Familiar     Summ           ##......     19%         3    None
 Conjure Flame            Conj/Fire      ##......     19%         3    None
 Lesser Beckoning         Tloc           ##........   19%         3    None
 Summon Lightning Spire   Summ/Air       ###.....     36%         4    ##.....
 Summon Ice Beast         Ice/Summ       ##......     45%         4    ##.....
 Alistair's Intoxication  Tmut/Pois      ##......     87%         5    ####...
 Deflect Missiles         Chrm/Air       ###.......   99%         6    ######.
 Bolt of Fire             Conj/Fire      ##........   100%        6    ######.
 Dragon Form              Tmut           ##........   100%        7    #######
 Discord                  Hex            ######....   80%         8    #######
 Dragon's Call            Summ           ##........   100%        9    #######


Dungeon Overview and Level Annotations

Branches:
Dungeon (12/15)            Temple (1/1) D:6            Lair (6/6) D:9
  Swamp (0/4) Lair:4        Snake (0/4) Lair:3        Slime (0/5) Lair:5
    Orc: D:9-12

Altars:
Ashenzari
Cheibriados
Dithmenos
Elyvilon
Fedhas
Gozag
Hepliaklqana
Kikubaaqudgha
Makhleb
Nemelex Xobeh
Okawaru
Qazlal
Ru
Sif Muna
Trog
Uskayaw
Vehumet
Wu Jian
Xom
Yredelemnul
Zin
The Shining One

Shops:
D:8 (

Annotations:
D:2 Robin
Lair:6 exclusion: 2 oklob plants, Kirke, Rupert


Innate Abilities, Weirdness & Mutations

You are very small and have problems with some larger weapons.
You are too small for most types of armour.
You have supernaturally acute eyesight. (SInv)
You are a herbivore.
You cover ground extremely quickly.
You need to consume almost no food.


Message History

There is a stone staircase leading up here.
You start resting.
Magic restored.
You start resting.
Your magical contamination has completely faded away.
You start resting.
Rupert is too close now for your liking.
You climb upwards.
There is a stone staircase leading down here.
Save game and exit? [Y]es or [N]o only, please.
Save game and exit?
Okay, then.
Unknown command.
There is a stone staircase leading up here.
You start resting.
HP restored.
You start waiting.
Done waiting.
Are you sure you want to abandon this character and quit the game? (Confirm

..▒▒▒▒▒...▓▓.▓▓▓▓........▒...⚵⚵..
▒<▒▒▒▒▒...▓▓...▓▓...........⚵▒...
....▒▒.....▓..)..................
.....▒....▓▓....⚵⚶...........▒▒..
......▒....▓▓..▓▓............▒▒..
....▒▒.....▓▓.▓▓▓▓.......▒.......
...▒.▒.....▓▓▓.▓▓.......▒..▒.....
+..⚵............▓▓.........⚶.▒...
................i................
.................................
.................................
.................................
..........⚵....⚵.▒▒..............
...........▒▒▒....▒⚶..........▒..
...........▒▒..▒▒▒▒⚶..........▒..
..░.░░......▒......⚵......▒....▒.
.░░.░░░.....⚵⚵............▒...▒▒.


There were no monsters in sight!

Vanquished Creatures
  4 hydras
  2 ice dragons (IceCv)
  2 catoblepae
  5 two-headed ogres
  A deep troll shaman (Lair:6)
  5 death yaks (Lair:6)
  Urug (Lair:5)
  Nergalle (Lair:2)
  A wolf spider zombie (D:11)
  Pikel (D:4)
  3 oklob plants (Lair:5)
  3 elephants (Lair:6)
  An ice statue (IceCv)
  5 black mambas
  8 spiny frogs
  A centaur skeleton (D:10)
  A gargoyle (D:11)
  3 rime drakes
  3 torpor snails (Lair:2)
  8 komodo dragons
  4 polar bears
  The ghost of Avack the Grave Robber, an amateur HONe (D:5)
  5 dream sheep (Lair:6)
  17 blink frogs
  10 hippogriffs
  15 yaks
  A wyvern (D:9)
  3 hogs (Lair:6)
  A wraith (D:10)
  4 basilisks
  2 hungry ghosts
  2 nagas (Lair:3)
  11 water moccasins
  12 porcupines
  4 orc warriors
  A swamp drake (Lair:4)
  5 sky beasts
  5 black bears
  17 ice beasts
  A slave (D:4)
  A necrophage (D:11)
  5 ogres
  2 phantoms
  12 wolves
  11 crocodiles
  11 centaurs
  18 bullfrogs
  2 big kobolds
  2 wyvern skeletons
  6 scorpions
  10 killer bees
  9 wights
  A howler monkey (D:6)
  3 electric eels (D:9)
  2 bullfrog zombies
  2 lava snakes (Lair:2)
  7 crimson imps
  2 centaur zombies
  2 orc priests
  5 hounds
  4 jellies
  9 orc wizards
  Terence (D:2)
  6 iguanas
  8 worker ants
  A hound skeleton (D:10)
  A howler monkey zombie (D:5)
  2 worker ant zombies
  2 gnolls (D:4)
  A howler monkey skeleton (D:9)
  15 adders
  3 shadow imps
  12 white imps
  An ooze (D:3)
  2 adder skeletons (D:5)
  3 worms
  2 dart slugs
  6 leopard geckos
  20 orcs
  6 bats
  9 giant cockroaches
  13 goblins
  7 hobgoblins
  16 jackals
  7 quokkas
  A ball python (D:1)
  5 frilled lizards
  A jackal skeleton (D:4)
  A jackal zombie (D:9)
  12 kobolds
  A leopard gecko zombie (D:5)
  12 rats
483 creatures vanquished.

Vanquished Creatures (others)
  A slave (D:4)
  A gnoll (D:4)
  2 adders (D:4)
  2 jackals (D:4)
  A bush (Lair:6)
  17 fungi
  17 plants
41 creatures vanquished.

Grand Total: 524 creatures vanquished

Notes
Turn   | Place    | Note
-------+----------+-------------------------------------------
     0 | D:1      | utis the Spriggan Enchanter began the quest for the Orb.
     0 | D:1      | Reached XP level 1. HP: 9/9 MP: 5/5
   749 | D:1      | Reached XP level 2. HP: 13/13 MP: 2/6
   805 | D:1      | Learned a level 2 spell: Ensorcelled Hibernation
  1489 | D:2      | Reached skill level 4 in Hexes
  1489 | D:2      | Reached XP level 3. HP: 16/16 MP: 8/8
  1783 | D:2      | Reached skill level 1 in Ice Magic
  1864 | D:2      | Learned a level 3 spell: Confuse
  2318 | D:2      | Identified the +0 helmet "Lackin" {rPois rF+++ Dex-3
                  | Stlth-}
  2318 | D:2      | Noticed Robin
  2357 | D:2      | Reached XP level 4. HP: 21/21 MP: 4/9
  2508 | D:2      | Reached skill level 5 in Stealth
  2706 | D:2      | Noticed Terence
  2723 | D:2      | Killed Terence
  3184 | D:2      | Found a faded altar of an unknown god.
  3563 | D:3      | Reached XP level 5. HP: 24/24 MP: 9/12
  3579 | D:3      | Found an ornate altar of the Wu Jian Council.
  3685 | D:3      | Reached skill level 5 in Spellcasting
  4290 | D:4      | Noticed a slave
  4331 | D:4      | Reached XP level 6. HP: 28/28 MP: 16/16
  4382 | D:4      | Noticed Pikel
  4382 | D:4      | Noticed a slave
  4382 | D:4      | Noticed a slave
  4382 | D:4      | Noticed a slave
  4386 | D:4      | Killed a slave
  4402 | D:4      | Killed Pikel
  4402 | D:4      | Reached XP level 7. HP: 23/32 MP: 6/17
  4889 | D:4      | Reached skill level 1 in Fighting
  5208 | D:5      | Entered Level 5 of the Dungeon
  6204 | D:4      | Reached XP level 8. HP: 40/40 MP: 1/18
  6785 | D:5      | Found a large runed door.
  6785 | D:5      | Found a large runed door.
  7000 | D:5      | Noticed Avack's ghost (amateur HONe)
  7236 | D:5      | Killed Avack's ghost
  7236 | D:5      | Reached skill level 5 in Hexes
  7711 | D:6      | Learned a level 3 spell: Tukima's Dance
  7716 | D:6      | Learned a level 4 spell: Cause Fear
  7983 | D:6      | Reached skill level 6 in Hexes
  8055 | D:6      | Found a staircase to the Ecumenical Temple.
  9257 | D:7      | Reached skill level 7 in Hexes
  9408 | D:7      | Reached XP level 9. HP: 44/44 MP: 22/22
 10305 | D:7      | Learned a level 2 spell: Blink
 10323 | D:8      | Found a sand-covered staircase.
 10324 | D:8      | Reached skill level 5 in Short Blades
 10464 | D:8      | Noticed a two-headed ogre
 10499 | D:8      | Killed a two-headed ogre
 10499 | D:8      | Reached skill level 5 in Fighting
 10773 | D:8      | Reached XP level 10. HP: 53/53 MP: 17/23
 10962 | D:8      | Found Plog's Antique Weapon Shoppe.
 10965 | D:8      | Identified the +1 ring mail of Lifelessness {+Inv}
 11077 | D:8      | Reached skill level 8 in Hexes
 11424 | D:9      | Noticed a two-headed ogre
 11430 | D:9      | Reached skill level 5 in Evocations
 11668 | D:9      | Found a staircase to the Lair.
 11853 | Temple   | Entered the Ecumenical Temple
 12048 | Temple   | Became a worshipper of Dithmenos the Shadowed
 13207 | D:9      | Killed a two-headed ogre
 13207 | D:9      | Reached skill level 10 in Stealth
 13465 | D:9      | Reached * piety under Dithmenos
 13574 | D:9      | Reached skill level 10 in Dodging
 13792 | D:10     | Entered Level 10 of the Dungeon
 13867 | D:10     | Learned a level 6 spell: Invisibility
 13869 | D:10     | Learned a level 1 spell: Apportation
 13873 | D:10     | Learned a level 3 spell: Mephitic Cloud
 13918 | D:10     | Reached skill level 9 in Hexes
 14078 | D:10     | Reached XP level 11. HP: 58/58 MP: 16/24
 14276 | D:10     | Noticed a two-headed ogre
 14299 | D:10     | Killed a two-headed ogre
 14572 | D:9      | Reached ** piety under Dithmenos
 14877 | D:11     | Noticed a two-headed ogre
 14884 | D:11     | Killed a two-headed ogre
 15228 | D:11     | Reached skill level 10 in Hexes
 15261 | D:11     | Noticed a two-headed ogre
 15280 | D:11     | Killed a two-headed ogre
 16506 | Lair:1   | Entered Level 1 of the Lair of Beasts
 16650 | Lair:1   | Reached skill level 1 in Invocations
 16721 | Lair:1   | Noticed a six-headed hydra
 17092 | Lair:1   | Learned a level 1 spell: Summon Butterflies
 17118 | Lair:1   | Reached XP level 12. HP: 64/64 MP: 25/25
 17223 | Lair:1   | Killed a six-headed hydra
 17223 | Lair:1   | Reached *** piety under Dithmenos
 17223 | Lair:1   | Reached skill level 11 in Hexes
 17448 | Lair:1   | Reached skill level 12 in Hexes
 17667 | Lair:2   | Noticed Nergalle
 17674 | Lair:2   | Killed Nergalle
 18146 | Lair:2   | Found a snail-covered altar of Cheibriados.
 18792 | Lair:3   | Found a frozen archway.
 19234 | IceCv    | Entered an ice cave
 19249 | IceCv    | Reached **** piety under Dithmenos
 19556 | IceCv    | Reached skill level 10 in Fighting
 21432 | IceCv    | Reached skill level 1 in Air Magic
 21467 | IceCv    | Noticed an ice dragon
 21468 | IceCv    | Noticed an ice dragon
 21487 | IceCv    | Killed an ice dragon
 21507 | IceCv    | Killed an ice dragon
 22093 | Lair:3   | Found a staircase to the Snake Pit.
 22278 | Lair:3   | You fall through a shaft!
 22278 | Lair:4   | Found a staircase to the Swamp.
 22424 | Lair:3   | Reached XP level 13. HP: 64/72 MP: 12/26
 22841 | Lair:3   | Reached skill level 10 in Short Blades
 23738 | Lair:4   | You fall through a shaft!
 24300 | Lair:5   | Noticed Urug
 24311 | Lair:5   | Killed Urug
 24434 | Lair:5   | Reached skill level 10 in Spellcasting
 24670 | Lair:5   | Reached skill level 13 in Hexes
 24785 | Lair:5   | Found a staircase to the Slime Pits.
 25144 | Lair:5   | Reached ***** piety under Dithmenos
 25144 | Lair:5   | Reached skill level 14 in Hexes
 25533 | Lair:6   | Entered Level 6 of the Lair of Beasts
 25533 | Lair:6   | Noticed Kirke
 26140 | Lair:6   | Noticed Rupert
 27848 | Lair:6   | Reached XP level 14. HP: 79/79 MP: 17/29
 28541 | Lair:6   | Noticed a sphinx
 28946 | Lair:5   | Quit the game

Vault maps used:
D:1:      wheals_arrival_linesprint
D:2:      minmay_wonky_spiral, first_ration, chequers_ecumenical_altar_grove,
          minmay_joined_circles, uniq_terence, uniq_robin
D:3:      marbit_many_paths
D:4:      uniq_pikel
D:5:      ebering_ghost_disaster_area
D:6:      minmay_temple_entry_antechambers
D:8:      serial_shops, shop, nicolae_ossuary_entry_ruins, blue_anna_alchemist
D:9:      grunt_lair_entry_orc_guard_hut, small_chamber_with_monster
D:12:     minmay_orc_entry_temple_small, fedhas_altar_1, uniq_frances
Temple:   minmay_crystal_snake_temple
Lair:1:   beast_lair_carwin_large_2, hangedman_lair_generics_rect
Lair:2:   kennysheep_snail_temple, uniq_nergalle
Lair:3:   minmay_snake_entry_guardpost_small, serial_forest,
          infiniplex_forest_end_double, infiniplex_forest_clump_tiny,
          infiniplex_forest_lined_room_, infiniplex_forest_clump_double,
          portal_ice_cave_entry_imps
Lair:4:   minmay_swamp_entry_reptiles, kennysheep_catoblepas_arena,
          grunt_megastairs_4
Lair:5:   minmay_slime_entry_oklob_enclosed, serial_bayou_pond_c, uniq_urug
Lair:6:   grunt_lair_end_beastmaster, minmay_lair_oklob_chamber, uniq_rupert,
          uniq_kirke
IceCv:    ice_cave_small_dragons

Skill      XL: |  1  2  3  4  5  6  7  8  9 10 11 12 13 |
---------------+----------------------------------------+-----
Short Blades   | 2 3 5 6 8 9 10 | 10.0
Spellcasting   | 3 4 6 8 10 | 10.0
Hexes          | 4 7 9 10 12 14 | 14.0
Ice Magic      | 1 |  1.0
Stealth        | 5 8 10 | 10.0
Dodging        | 8 10 11 | 11.0
Fighting       | 3 6 8 10 11 | 11.9
Evocations     | 5 6 |  6.1
Invocations    | 4 |  4.0
Air Magic      | 2 |  2.5

Action                   |  1- 3 |  4- 6 |  7- 9 | 10-12 | 13-15 || total
-------------------------+-------+-------+-------+-------+-------++-------
Melee: Dagger            |    73 |    67 |   235 |   705 |   249 ||  1329
 Cast: Corona            |    12 |       |       |     8 |     5 ||    25
       Ensorcelled Hiber |    33 |    34 |    92 |   165 |   119 ||   443
       Confuse           |       |     5 |    42 |   108 |    18 ||   173
       Apportation       |       |       |       |     3 |       ||     3
       Invisibility      |       |       |       |       |     3 ||     3
       Blink             |       |       |       |       |     2 ||     2
       Mephitic Cloud    |       |       |       |       |     4 ||     4
Invok: Shadow Step       |       |       |       |       |     1 ||     1
Evoke: Wand              |       |       |       |     2 |       ||     2
  Use: Scroll            |     3 |     3 |     6 |     9 |     5 ||    26
       Potion            |       |       |       |     2 |       ||     2
 Stab: Sleeping          |    33 |    40 |    60 |   152 |    74 ||   359
       Confused          |       |     6 |    32 |    94 |    16 ||   148
       Distracted        |       |       |       |     2 |       ||     2
       Invisible         |       |       |       |       |    27 ||    27
  Eat: Ration            |       |     2 |     4 |     8 |     5 ||    19
Armor: Robe              |     4 |     3 |     2 |    18 |     5 ||    32
Dodge: Dodged            |    67 |    36 |   136 |   454 |   266 ||   959

Table legend:
 A = Non-vault XP
 B = Vault XP
 C = Vault XP percentage of total XP
 D = Non-vault monster count
 E = Vault monster count
 F = Vault count percentage of total count
                 A         B        C        D         E       F
            +---------+---------+-------+---------+---------+-------
      Total |   42450 |   27036 |  38.9 |     372 |     110 |  22.8
            +---------+---------+-------+---------+---------+-------
        D:1 |      40 |       0 |   0.0 |      26 |       0 |   0.0
        D:2 |      55 |      83 |  60.1 |      22 |      14 |  38.9
        D:3 |     135 |       2 |   1.5 |      18 |       1 |   5.3
        D:4 |     403 |     607 |  60.1 |      11 |       1 |   8.3
        D:5 |     183 |     271 |  59.7 |      13 |       1 |   7.1
        D:6 |     598 |       0 |   0.0 |      16 |       0 |   0.0
        D:7 |    1439 |       0 |   0.0 |      25 |       0 |   0.0
        D:8 |    3143 |     220 |   6.5 |      38 |       2 |   5.0
        D:9 |    3845 |     619 |  13.9 |      49 |       6 |  10.9
       D:10 |    2748 |       0 |   0.0 |      26 |       0 |   0.0
       D:11 |    4753 |       0 |   0.0 |      23 |       0 |   0.0
     Lair:1 |    3634 |    3464 |  48.8 |      13 |      13 |  50.0
     Lair:2 |    2128 |    1961 |  48.0 |      12 |       5 |  29.4
     Lair:3 |    2623 |     441 |  14.4 |      15 |      13 |  46.4
     Lair:4 |    5204 |     724 |  12.2 |      19 |       7 |  26.9
     Lair:5 |    6263 |    2545 |  28.9 |      25 |       4 |  13.8
     Lair:6 |    5256 |   11161 |  68.0 |      21 |      24 |  53.3
      IceCv |       0 |    4938 | 100.0 |       0 |      19 | 100.0
            +---------+---------+-------+---------+---------+-------
